Map: Berlingrad LE

Players

A.I. 1 (Very Easy) - Winner!

  • Race: Zerg Zerg

TheCowboy

  • Race: Protoss Protoss
  • League: Grandmaster

VOD

Have the link to the VOD?

Description

Time

  • Played on: Dec. 4, 2021, 11:33 a.m.
  • Length: 4:59
Show
View Real Time Build Order
Export as new Build Order

A.I. 1 (Very Easy) Zerg - Winner!

Build Orders: Pool Only 

Get SALT Encoding   

  12  0:01  Drone  
  13  0:12  Overlord  
  13  0:16  Drone  
  14  0:36  Spawning Pool  
  14  0:37  Extractor  
  14  0:39  Drone  
  13  0:47  Drone  
  14  0:52  Overlord  
  14  1:23  Zergling x2, Queen  
  17  1:31  Roach Warren  
  16  1:33  Extractor  
  16  1:38  Drone  
  16  1:43  Zergling x2  
  16  1:45  Drone  
  18  2:00  Drone  
  19  2:03  Zergling x2  
  20  2:10  Drone  
  21  2:21  Drone  
  22  2:30  Drone  
  22  2:31  Overlord  
  23  2:37  Drone  
  24  2:45  Drone  
  25  4:02  Zergling x2  
Show
View Real Time Build Order
Export as new Build Order

TheCowboy Protoss 

Build Orders: 1 Gate Expand, Oracle Opening 

Get SALT Encoding   

  12  0:00  Probe  
  13  0:12  Probe  
  14  0:19  Pylon  
  14  0:24  Probe  
  15  0:31  Pylon  
  15  0:37  Probe (Chrono Boost)  
  16  0:46  Probe (Chrono Boost)  
  17  0:50  Gateway  
  17  0:51  Probe (Chrono Boost)  
  18  1:18  Nexus  
  18  1:24  Assimilator  
  18  1:27  Probe  
  19  1:37  Zealot (Chrono Boost)  
  19  1:39  Probe  
  22  1:46  Cybernetics Core  
  22  1:51  Probe  
  23  2:01  Zealot (Chrono Boost)  
  23  2:04  Pylon  
  25  2:09  Probe  
  26  2:21  Adept (Chrono Boost), Probe  
  27  2:23  Shield Battery  
  27  2:27  Assimilator  
  29  2:33  Probe  
  29  2:35  Shield Battery  
  30  2:38  Probe  
  30  2:41  Adept (Chrono Boost)  
  33  2:47  Probe  
  33  2:50  Probe  
  35  2:59  Probe  
  35  3:03  Probe  
  37  3:07  Stargate  
  37  3:11  Adept (Chrono Boost), Probe  
  38  3:15  Warp Gate  
  38  3:16  Probe  
  39  3:23  Probe  
  40  3:28  Probe  
  40  3:32  Gateway  
  41  3:35  Probe  
  41  3:39  Adept (Chrono Boost)  
  41  3:40  Probe  
  45  3:47  Probe  
  46  3:48  Oracle (Chrono Boost)  
  46  3:52  Probe  
  50  3:57  Pylon  
  50  3:59  Probe  
  51  4:04  Probe  
  52  4:10  Void Ray (Chrono Boost)  
  52  4:12  Probe  
  52  4:16  Probe  
  54  4:24  Nexus, Probe  
  59  4:27  Pylon  
  59  4:28  Probe  
  60  4:32  Assimilator  
  60  4:34  Assimilator  
  60  4:36  Probe  
  61  4:41  Probe  
  63  4:58  Forge  
Tags
 
Add a new tag
Caveats
  • Supply blocks, unpowered buildings, or Contaminate may cause inaccurate times.
  • Supply counts are checked every 10 seconds.